 Dungeon Crawl Stone Soup version 0.30.1 (webtiles) character file.

Game seed: 7249483535878038130

172 AIAndy the Shooter (level 5, -8/39 HPs)
             Began as a Barachi Hunter on July 4, 2023.
             Mangled by an ogre
             ... wielding a +0 giant club
              (18 damage)
             ... on level 4 of the Dungeon.
             The game lasted 00:05:53 (2904 turns).

AIAndy the Shooter (Barachi Hunter)                 Turns: 2904, Time: 00:05:55

Health: -8/39      AC:  6    Str: 13    XL:     5   Next: 52%
Magic:  5/5        EV: 11    Int:  9    God:
Gold:   181        SH:  0    Dex: 17    Spells: 4/4 levels left

rFire   . . .        a - +0 shortbow
rCold   . . .        (shield currently unavailable)
rNeg    . . .        l - +0 ring mail
rPois   .            (no helmet)
rElec   .            (no cloak)
rCorr   .            d - +0 pair of gloves
SInv    .            (no boots)
Will    .....        (no amulet)
Stlth   +            q - ring of flight
HPRegen 0.26/turn    (no ring)
MPRegen 0.09/turn

%: no passive effects
@: flying, slow
A: amphibious, slowness 1, strong legs 1, +LOS
a: Hop


You were on level 4 of the Dungeon.
You visited 1 branch of the dungeon, and saw 4 of its levels.

You collected 181 gold pieces.

Inventory:

Hand Weapons
 a - a +0 shortbow (weapon)
Armour
 c - a +0 leather armour
 d - a +0 pair of gloves (worn)
 l - a +0 ring mail (worn)
 n - a +0 scale mail
Jewellery
 q - a ring of flight (left hand)
Scrolls
 b - a scroll of immolation
 f - a scroll of fog {unknown}
 g - a scroll of torment {unknown}
 j - a scroll of vulnerability {unknown}
 k - 2 scrolls of identify {unknown}
 m - a scroll of enchant weapon {unknown}
 p - a scroll of teleportation {unknown}
 s - a scroll of enchant armour {unknown}
Potions
 e - a potion of mutation {unknown}
 h - 2 potions of might {unknown}
 i - a potion of curing {unknown}
 o - a potion of lignification {unknown}
 r - a potion of heal wounds {unknown}


   Skills:
 - Level 2.4 Fighting
 + Level 6.6 Ranged Weapons
 - Level 2.1 Dodging
 - Level 0.8 Stealth


You had 4 spell levels left.
You didn't know any spells.
Your spell library contained the following spells:

 Spells                   Type           Power      Damage    Failure   Level
 Magic Dart               Conj           0%         1d3       65%         1
 Blink                    Tloc           0%         N/A       80%         2
 Lesser Beckoning         Tloc           0%         N/A       80%         2
 Momentum Strike          Conj/Tloc      0%         3d8       80%         2
 Searing Ray              Conj           0%         2d4       80%         2
 Hailstorm                Conj/Ice       0%         3d3       95%         3
 Fulminant Prism          Conj/Hex       0%         3d5       100%        4
 Manifold Assault         Tloc           0%         N/A       100%        4


Dungeon Overview and Level Annotations

Branches:
Dungeon (4/15)
 Temple: D:4-7

Altars:
Makhleb


Innate Abilities, Weirdness & Mutations

You are amphibious.
You cover ground slowly.
You can hop short distances.
You have an extended range of vision and can be seen from far away.


Message History

The ogre is moderately wounded.
The ogre hits you with a +0 giant club!!
Ouch! That really hurt!
* * * LOW HITPOINT WARNING * * *
You are too injured to fight recklessly!
Okay, then.
Okay, then.
You are too injured to fight recklessly!
Okay, then.
Okay, then.
Fire: a) +0 shortbow
Press: ? - help, Q - select action, (/) - cycle Shift-Dir - straight line, f/p - ogre
Aim: an ogre, wielding a +0 giant club (moderately wounded, 77% to hit)
You shoot an arrow. The arrow hits the ogre.
The ogre is moderately wounded.
The ogre closely misses you.
Fire: a) +0 shortbow
Press: ? - help, Q - select action, (/) - cycle Shift-Dir - straight line, f/p - ogre
Aim: an ogre, wielding a +0 giant club (moderately wounded, 77% to hit)
You shoot an arrow. The arrow hits the ogre!
The ogre is heavily wounded.
Fire: a) +0 shortbow
Press: ? - help, Q - select action, (/) - cycle Shift-Dir - straight line, f/p - ogre
Aim: an ogre, wielding a +0 giant club (heavily wounded, 77% to hit)
You shoot an arrow. The arrow closely misses the ogre.
The ogre closely misses you.
Fire: a) +0 shortbow
Press: ? - help, Q - select action, (/) - cycle Shift-Dir - straight line, f/p - ogre
Aim: an ogre, wielding a +0 giant club (heavily wounded, 77% to hit)
You shoot an arrow.
The arrow hits the ogre but does no damage.
The ogre is heavily wounded.
The ogre closely misses you.
Fire: a) +0 shortbow
Press: ? - help, Q - select action, (/) - cycle Shift-Dir - straight line, f/p - ogre
Aim: an ogre, wielding a +0 giant club (heavily wounded, 77% to hit)
You shoot an arrow. The arrow hits the ogre.
The ogre is severely wounded.
The ogre hits you with a +0 giant club!!
You die...

#####.#.#
####.O.....# ..##@#
# #.##.# ###.
#.##.# ...# #.##.#
####.####.##.#...
..........#.#...
###....#..#.#...#
#####.........#...#
###
............>.#...#
#.#


You could see an ogre.

Vanquished Creatures
  A sleepcap (D:4)
  8 adders
  A white imp (D:3)
  An ufetubus (D:3)
  2 worms (D:3)
  4 bats
  5 endoplasms
  4 giant cockroaches
  2 goblins (D:2)
  5 hobgoblins
  3 jackals (D:2)
  3 kobolds
  3 quokkas
  5 ball pythons
  2 frilled lizards (D:2)
  9 rats
58 creatures vanquished.

Notes
Turn   | Place    | Note
-------+----------+-------------------------------------------
     0 | D:1      | AIAndy the Barachi Hunter began the quest for the Orb.
     0 | D:1      | Reached XP level 1. HP: 17/17 MP: 1/1
   233 | D:1      | Reached XP level 2. HP: 23/23 MP: 2/2
   574 | D:1      | Got the Dissertation on the Door and the Blizzard
   792 | D:2      | Found a faded altar of an unknown god.
   795 | D:2      | Noticed a floating eye
   795 | D:2      | Noticed a shining eye
   795 | D:2      | Noticed an eye of devastation
   795 | D:2      | Noticed a floating eye
  1177 | D:2      | Reached skill level 5 in Ranged Weapons
  1177 | D:2      | Reached XP level 3. HP: 28/28 MP: 3/3
  1435 | D:2      | Reached XP level 4. HP: 34/34 MP: 4/4
  2019 | D:3      | Reached skill level 6 in Ranged Weapons
  2039 | D:3      | Reached XP level 5. HP: 19/39 MP: 5/5
  2326 | D:3      | Found a burning altar of Makhleb.
  2893 | D:4      | Noticed an ogre
  2904 | D:4      | Mangled by an ogre

Illustrated notes

Levels and vault maps discovered:
D:1:      minmay_arrival_shattered_statue, layout_basic
D:2:      layout_basic, serial_co_window_serial, co_window_paths_b,
          co_window_of_opportunity_a, co_window_paths_a, co_window_paths_b,
          co_window_of_opportunity_a, co_window_corner_b, co_window_2corner,
          co_window_broadway_c, co_window_broadway_c, co_window_broadway_c,
          co_window_unsneaky_path_d, co_window_cross_2, co_window_4corner_b,
          co_window_sun, hellmonk_ecumenical_altar_watching_god
D:3:      layout_basic, bloody_makhleb, serial_glass, glass_columns_c,
          glass_columns_a, kennysheep_generic_room_13
D:4:      layout_basic

Skill      XL: |  1  2  3  4 |
---------------+-------------+-----
Ranged Weapons | 5 6 |  6.6
Fighting       | |  2.4
Dodging        | |  2.1
Stealth        | |  0.8

Action                     |  1- 3 |  4- 6 || total
---------------------------+-------+-------++-------
   Fire: Shortbow          |    75 |   101 ||   176
 Armour: Leather armour    |    10 |     3 ||    13
         Ring mail         |       |     5 ||     5
  Dodge: Dodged            |    11 |    26 ||    37
